 Dungeon Crawl Stone Soup version 0.17.1-2-g5865329 (webtiles) character file.

255 Herrn the Shield-Bearer (level 6, -5/48 HPs)
             Began as a Formicid Fighter on Jan 12, 2016.
             Slain by an orc warrior
             ... wielding a +0 scimitar
              (18 damage)
             ... on level 4 of the Dungeon.
             The game lasted 00:09:16 (2968 turns).

Herrn the Shield-Bearer (Formicid Fighter)          Turns: 2968, Time: 00:09:16

Health: -5/48      AC: 13    Str: 26      XL:     6   Next: 38%
Magic:  0/6        EV:  7    Int:  9 (13) God:
Gold:   266        SH: 10    Dex: 10      Spells: 0 memorised, 5 levels left

rFire  . . .     SeeInvis +     a - +0 war axe
rCold  . . .     Clarity  .     l - +3 chain mail
rNeg   . . .     SustAt   .     c - +0 shield
rPois  .         Gourm    .     (helmet unavailable)
rElec  .         Spirit   +     s - +0 cloak
rCorr  .         Warding  .     (no gloves)
rMut   .         Stasis   +     (no boots)
MR     .....                    y - amulet of guardian spirit
Stlth  ..........               (no ring)
                                t - +4 ring of intelligence

@: mighty, not resistant to hostile enchantments, extremely unstealthy
A: permanent stasis, dig shafts and tunnels, four strong arms, antennae 3
a: Dig, Shaft Self


You were on level 4 of the Dungeon.
You were not hungry.

You visited 1 branch of the dungeon, and saw 5 of its levels.

You collected 266 gold pieces.

Inventory:

Hand Weapons
 a - a +0 war axe (weapon)
 n - a +1 flail of protection
Missiles
 q - 61 bolts
 v - 11 bolts of frost
 A - 7 silver bolts
Armour
 b - a +0 scale mail
 c - a +0 shield (worn)
 l - a +3 chain mail (worn)
 s - a +0 cloak (worn)
Jewellery
 t - a +4 ring of intelligence (left hand)
 y - an amulet of guardian spirit (around neck)
Wands
 x - a wand of disintegration (14)
Scrolls
 d - a scroll of remove curse {unknown}
 h - 3 scrolls of recharging {unknown}
 j - 2 scrolls of fog {unknown}
 k - a scroll of blinking {unknown}
 m - 4 scrolls of identify {unknown}
 w - a scroll of magic mapping {unknown}
Potions
 z - a potion of cure mutation {unknown}
Books
 o - an Akashic Record

   Spells                             Type                      Level
   a - Dispersal                      Translocation                6
   b - Malign Gateway                 Summoning/Translocation      7
   c - Disjunction                    Translocation                8
   d - Controlled Blink               Translocation                8
Comestibles
 e - 3 bread rations
 f - a royal jelly
 i - 6 meat rations


   Skills:
 + Level 4.1 Fighting
 * Level 3.3 Axes
 + Level 4.7 Armour
 + Level 1.5 Dodging
 + Level 5.0 Shields


You had 5 spell levels left.
You didn't know any spells.

Dungeon Overview and Level Annotations

Branches:
Dungeon (5/15)
 Temple: D:4-7

Altars:
Elyvilon
Fedhas
Qazlal


Innate Abilities, Weirdness & Mutations

You are under a permanent stasis effect.
You can dig through walls and to a lower floor.
Your four strong arms can wield two-handed weapons with a shield.
You have a pair of large antennae on your head (SInv).


Message History

Okay, then.
Your chain mail prevents you from hitting the orc warrior.
The orc warrior is heavily wounded.
You block the orc warrior's attack.
You slash the orc warrior!
The orc warrior is almost dead.
The orc warrior hits you with a scimitar!
The orc priest calls down the wrath of Beogh upon you.
Something smites you!
* * * LOW HITPOINT WARNING * * *
Things that are here:
a dagger; a robe You extend your mandibles.
You dig through the rock wall.
You dig through the rock wall.
You dig through the rock wall.
You block the orc warrior's attack.
You retract your mandibles.
You barely miss the orc warrior.
The orc warrior is almost dead.
The orc warrior hits you with a scimitar!!
You die...

#....
#Z..o...##.....####
#... #..........###
#..##......####
#..#...#### #...###
#{### ##o###
#.{#o## #.#{#@#
##### ##.#####
###..... #.##
###....... ##.#
#......... #..#
#......... ##.##
#......... #..###
#.........
#...#)..##
#.........
#..#####..##
##........


You could see an orc warrior.

Vanquished Creatures
  The ghost of Musteatbrain the Skirmisher, a weakling DsFi (D:3)
  2 orc wizards
  4 gnolls
  5 adders
  A shadow imp (D:5)
  An adder skeleton (D:4)
  5 orcs
  6 bats
  A giant cockroach (D:1)
  10 hobgoblins
  2 jackals (D:3)
  5 kobolds
  A ball python (D:3)
  A giant cockroach zombie (D:5)
  4 giant newts
  9 goblins
  6 rats
64 creatures vanquished.

Notes
Turn   | Place    | Note
--------------------------------------------------------------
     0 | D:1      | Herrn the Formicid Fighter began the quest for the Orb.
     0 | D:1      | Reached XP level 1. HP: 18/18 MP: 1/1
   134 | D:1      | Reached XP level 2. HP: 20/24 MP: 2/2
   762 | D:2      | Found a blossoming altar of Fedhas.
   798 | D:2      | Found a white marble altar of Elyvilon.
   822 | D:2      | Reached XP level 3. HP: 28/30 MP: 3/3
   864 | D:2      | Reached skill level 4 in Armour
  1300 | D:2      | Reached XP level 4. HP: 37/37 MP: 4/4
  1618 | D:2      | You fall through a shaft for 2 floors!
  1646 | D:3      | Noticed Musteatbrain's ghost (weakling DsFi)
  1660 | D:3      | Killed Musteatbrain's ghost
  1660 | D:3      | Reached XP level 5. HP: 31/42 MP: 5/5
  1811 | D:3      | Reached skill level 1 in Dodging
  2439 | D:3      | You fall through a shaft for 2 floors!
  2439 | D:5      | Entered Level 5 of the Dungeon
  2502 | D:5      | Found a stormy altar of Qazlal.
  2572 | D:5      | Reached XP level 6. HP: 37/48 MP: 6/6
  2925 | D:4      | Noticed an orc warrior
  2955 | D:4      | Reached skill level 5 in Shields
  2968 | D:4      | Slain by an orc warrior

Action                   |  1- 3 |  4- 6 || total
-------------------------+-------+-------++-------
Melee: War axe           |   120 |   135 ||   255
 Abil: Dig               |       |     1 ||     1
  Use: Potion            |       |     6 ||     6
  Eat: Chunk             |       |     4 ||     4
       Pizza             |       |     1 ||     1
       Beef jerky        |       |     1 ||     1
